 Dungeon Crawl Stone Soup version 0.31-a0-165-g3f4f80340b (webtiles) character file.

Game seed: 7660251639049571838

83 qw the Chopper (level 4, -2/28 HPs)
             Began as a Gargoyle Fighter on June 13, 2023.
             Slain by Sigmund
             ... wielding a +0 scythe
              (3 damage)
             ... on level 2 of the Dungeon.
             The game lasted 00:00:34 (1110 turns).

qw the Chopper (Gargoyle Fighter)                   Turns: 1110, Time: 00:00:34

Health: -2/28      AC: 11    Str: 22    XL:     4   Next: 44%
Magic:  4/4        EV:  9    Int:  8    God:
Gold:   61         SH:  4    Dex:  9    Spells: 3/3 levels left

rFire   . . .        Y - +0 war axe
rCold   . . .        c - +0 buckler
rNeg    + . .        b - +0 scale mail
rPois   inf          (no helmet)
rElec   +            i - +0 cloak
rCorr   .            (no gloves)
SInv    .            (no boots)
Will    .....        (no amulet) Stlth
                     (no ring)
HPRegen 0.24/turn    (no ring)
MPRegen 0.09/turn

%: no passive effects
@: no status effects
A: sickness immunity, AC +3, negative energy resistance 1, electricity
resistance, torment resistance 1, petrification resistance
a: no special abilities


You were on level 2 of the Dungeon.
You visited 1 branch of the dungeon, and saw 2 of its levels.

You collected 61 gold pieces.


Innate Abilities, Weirdness & Mutations

You are immune to sickness and miasma.
Your stone body is resilient. (AC +3)
You are immune to poison.
You resist negative energy. (rN+)
You are resistant to electric shocks. (rElec)
You are resistant to unholy torment.
You are immune to petrification.


   Skills:
 - Level 3.2 Fighting
 + Level 3.7 Axes
 - Level 1.4 Throwing
 - Level 3.2 Armour
 - Level 3.2 Shields


You had 3 spell levels left.
You didn't know any spells.
Your spell library was empty.

Inventory:

Hand Weapons
 f - a +0 flail
 Y - a +0 war axe (weapon)
Missiles
 n - 3 javelins
Armour
 b - a +0 scale mail (worn)
 c - a +0 buckler (worn)
 i - a +0 cloak (worn)
 m - a +0 chain mail
Jewellery
 l - the ring of Cootweq {Fly rN++ Will+++ Dex-2}
   (You found it on level 2 of the Dungeon)

   [ring of flight]

   Dex:       It affects your dexterity (-2).
   rN:        It greatly protects you from negative energy.
   Fly:       It grants you flight.
   Will:      It greatly increases your willpower.
Scrolls
 j - a scroll of identify {unknown}
Potions
 a - a potion of ambrosia {unknown}
 d - a potion of might
 e - a potion of heal wounds {unknown}
 g - a potion of curing {unknown}
 h - a potion of mutation {unknown}
 k - a potion of cancellation {unknown}

Dungeon Overview and Level Annotations

Branches:
Dungeon (2/15)

Altars:

Shops:
D:1 [   D:2 (

Annotations:
D:2 Sigmund


Message History

Enter note: Sigmund hits you with a +0 scythe!
Sigmund gestures at you while chanting. The puff of flame hits you.
Sigmund barely misses you. Sigmund hits you but does no damage.
Sigmund barely misses you.
You feel less confused.
You barely miss Sigmund. Sigmund says, "I'm your fate."
Sigmund casts a spell.
Sigmund flickers and vanishes!
Deactivating autopickup; reactivate with Ctrl-A.
You hear some strange, mumbled words.
A magic dart appears from out of thin air!
The magic dart hits you but does no damage.
You barely miss something. Something hits you but does no damage.
You closely miss something. Something hits you but does no damage.
You closely miss something. You block something's attack.
You closely miss something. Something completely misses you.
You miss something. Something hits you!
You closely miss something. You closely miss something. Something hits you.
You closely miss something. You block something's attack.
You barely miss something.
You hear some strange, mumbled words.
A puff of flame appears from out of thin air!
The puff of flame hits you.
You miss something. You block something's attack.
You hit something. Something hits you.
You die...

#....# ###### (....
#\\\# .....##.\.#
..........# ..[.....#
...)...# #.....# ####
#####.{...### ######
...# .......@%...#
...... ...#
####.##.....###
####### ...#
#.......(... .......
#.## #........###
####### ..####
###........# #
(....####
#.....>...## #####
........###.........#
#....
....###............##
#.### ....#
####..######## #.###


There were no monsters in sight!

Vanquished Creatures
  Natasha (twice) (D:2)
  An adder (D:2)
  3 endoplasms
  A goblin (D:2)
  3 hobgoblins
  3 quokkas
  2 ball pythons (D:1)
  3 bats
  2 frilled lizards (D:1)
  A kobold (D:2)
  5 rats
26 creatures vanquished.

Notes
Turn   | Place    | Note
-------+----------+-------------------------------------------
     0 | D:1      | qw the Gargoyle Fighter began the quest for the Orb.
     0 | D:1      | Reached XP level 1. HP: 14/14 MP: 1/1
     0 | D:1      | 0 ||| qw: Version: 0.2-a-29-gc1b59c4
     0 | D:1      | 0 ||| qw: Game counter: 4771
     0 | D:1      | 0 ||| qw: Always use a shield: true
     0 | D:1      | 0 ||| qw: God list: Okawaru
     0 | D:1      | 0 ||| qw: Allow faded altars: false
     0 | D:1      | 0 ||| qw: Do Orc after D:15 true
     0 | D:1      | 0 ||| qw: Do second Lair branch before Depths: true
     0 | D:1      | 0 ||| qw: Lair rune preference: random
     0 | D:1      | 0 ||| qw: Plans: Normal, Zot:1-4, Slime:5, God:TSO, Crypt,
                  | Tomb, Abyss, Pan, Hells, Win
     0 | D:1      | 0 ||| PLANNING D:1-11
    94 | D:1      | 94 ||| Stepping ~*~*~tactically~*~*~ (stealth).
   174 | D:1      | Found a faded altar of an unknown god.
   239 | D:1      | Reached XP level 2. HP: 19/19 MP: 2/2
   240 | D:1      | Found Zirak's Antique Armour Shoppe.
   253 | D:1      | 253 ||| SHOPLISTING glowing chain mail (225 gold, have 0).
   704 | D:1      | 704 ||| UPGRADING to +0 cloak.
   709 | D:1      | 709 ||| READING scroll labelled OMUTIGESOE.
   710 | D:1      | 710 ||| READING 2 scrolls labelled WITIRPHA GEMY.
   711 | D:1      | 711 ||| READING scroll labelled GUONTAANTUI.
   720 | D:1      | 720 ||| DROPPING scroll of revelation.
   765 | D:2      | Noticed Natasha
   766 | D:2      | 766 ||| Stepping ~*~*~tactically~*~*~ (hiding).
   775 | D:2      | Killed Natasha
   776 | D:2      | Reached skill level 3 in Axes
   776 | D:2      | Reached XP level 3. HP: 20/23 MP: 3/3
   917 | D:2      | Identified the ring of Cootweq {Fly rN++ Will+++ Dex-2}
   986 | D:2      | Reached XP level 4. HP: 23/28 MP: 4/4
  1079 | D:2      | Noticed Natasha
  1080 | D:2      | 1080 ||| Stepping ~*~*~tactically~*~*~ (hiding).
  1083 | D:2      | Noticed Sigmund
  1090 | D:2      | Killed Natasha
  1091 | D:2      | Reached skill level 1 in Throwing
  1091 | D:2      | Found Uclaixef's Antique Weapon Shop.
  1093 | D:2      | HP: 6/28 [Sigmund/puff of flame (2)]
  1104 | D:2      | HP: 2/28 [something (7)]
  1110 | D:2      | Slain by Sigmund

Levels and vault maps discovered:
D:1:      dpeg_arrival_rooms_b, layout_basic, basic_ecumenical_altar,
          serial_shops, shop
D:2:      layout_basic, serial_shops, nicolae_shop_dealshenge, minivault_4,
          uniq_sigmund, uniq_natasha

Skill      XL: |  1  2  3  4 |
---------------+-------------+-----
Axes           | 2 3 |  3.7
Throwing       | 1 |  1.4
Fighting       | |  3.2
Armour         | |  3.2
Shields        | |  3.2

Action                     |  1- 3 |  4- 6 || total
---------------------------+-------+-------++-------
  Melee: War axe           |    74 |    19 ||    93
  Throw: Boomerang         |     6 |       ||     6
         Javelin           |     8 |       ||     8
    Use: Scroll            |     3 |       ||     3
 Armour: Scale mail        |    37 |    10 ||    47
  Dodge: Dodged            |    34 |    10 ||    44
  Block: Buckler           |    15 |     5 ||    20

Table legend:
 A = Non-vault XP
 B = Vault XP
 C = Vault XP percentage of total XP
 D = Non-vault monster count
 E = Vault monster count
 F = Vault count percentage of total count
                 A         B        C        D         E       F
            +---------+---------+-------+---------+---------+-------
      Total |      84 |      35 |  29.4 |      25 |       1 |   3.8
            +---------+---------+-------+---------+---------+-------
        D:1 |      19 |       0 |   0.0 |      13 |       0 |   0.0
        D:2 |      65 |      35 |  35.0 |      12 |       1 |   7.7
            +---------+---------+-------+---------+---------+-------
